Map: Eternal Empire LE

Players

Beastyqt

  • Race: Terran Terran
  • League: Grandmaster
  • Spawn Location: 7:00

ToIsengard - Winner!

  • Race: Protoss Protoss
  • League: Grandmaster
  • Spawn Location: 1:00

VOD

Have the link to the VOD?

Description

Time

  • Played on: June 26, 2020, 2:58 p.m.
  • Length: 18:12
Show
View Real Time Build Order
Export as new Build Order

Beastyqt Terran 

Build Orders: Mech 

Get SALT Encoding   

  12  0:00  SCV  
  13  0:13  SCV  
  14  0:17  Supply Depot  
  14  0:25  SCV  
  15  0:38  SCV  
  15  0:39  Barracks  
  16  0:44  Refinery  
  16  0:51  SCV  
  17  1:03  SCV  
  18  1:15  SCV  
  19  1:27  Reaper, Orbital Command  
  20  1:53  SCV  
  21  1:59  Command Center, Marine  
  22  2:06  Supply Depot  
  22  2:07  SCV  
  23  2:15  Factory  
  23  2:22  Barracks Reactor  
  23  2:23  Refinery  
  23  2:27  SCV  
  24  2:40  SCV  
  25  2:52  SCV  
  26  2:59  Starport, Marine x2  
  26  3:01  Widow Mine  
  26  3:04  SCV  
  31  3:15  Orbital Command  
  31  3:16  SCV  
  31  3:17  Marine x2  
  33  3:28  SCV  
  33  3:30  Factory Tech Lab  
  33  3:39  Marine x2  
  33  3:40  SCV, Starport Tech Lab  
  37  3:41  SCV  
  37  3:52  SCV, Cyclone  
  37  3:53  SCV  
  37  3:55  Supply Depot  
  42  3:57  Marine x2  
  42  4:00  Cloaking Field  
  44  4:04  SCV  
  45  4:10  SCV  
  45  4:15  Marine  
  45  4:16  Marine, Banshee  
  50  4:20  Supply Depot  
  50  4:23  SCV  
  52  4:30  Supply Depot  
  52  4:34  Siege Tank  
  54  4:41  Marine x2  
  54  4:42  SCV x2  
  54  4:45  Supply Depot  
  58  4:54  SCV x2  
  58  4:59  Marine x2, Banshee  
  65  5:06  SCV x2  
  67  5:09  Command Center  
  67  5:13  Siege Tank  
  70  5:18  Refinery  
  70  5:19  SCV, Supply Depot  
  71  5:22  SCV  
  71  5:25  Marine x2  
  74  5:36  SCV  
  74  5:40  Bunker x2  
  73  5:46  Marine, Siege Tank  
  73  5:48  SCV  
  73  5:52  Marine  
  73  5:55  SCV  
  71  6:00  SCV  
  72  6:04  Refinery, Marine  
  72  6:07  SCV  
  72  6:08  Banshee  
  77  6:12  SCV  
  77  6:16  Marine  
  77  6:18  Siege Tank  
  75  6:21  SCV  
  71  6:28  Marine  
  71  6:29  SCV  
  73  6:34  Marine  
  73  6:37  SCV  
  75  6:41  SCV  
  75  6:43  Orbital Command  
  75  6:46  Factory  
  76  6:49  SCV  
  76  6:50  Siege Tank  
  79  6:54  Marine x2  
  79  6:58  SCV  
  76  7:02  SCV  
  77  7:10  SCV  
  77  7:12  Marine x2  
  77  7:14  SCV  
  82  7:15  Orbital Command  
  82  7:16  Banshee  
  82  7:22  SCV, Siege Tank  
  88  7:24  Command Center  
  88  7:26  SCV  
  85  7:34  SCV, Marine  
  80  7:38  SCV  
  80  7:41  SCV  
  79  7:46  SCV, Factory, Factory Tech Lab  
  79  7:49  Factory x2  
  79  7:50  SCV  
  80  7:53  SCV  
  80  7:55  Marine x2  
  83  7:58  SCV  
  83  8:00  Siege Tank  
  83  8:03  SCV  
  83  8:04  Banshee  
  83  8:05  SCV  
  92  8:08  Refinery x2  
  92  8:15  SCV  
  92  8:18  Siege Tank  
  92  8:23  SCV  
  92  8:24  SCV  
  88  8:28  SCV  
  88  8:29  Armory x2  
  89  8:34  Factory Reactor, Factory Tech Lab  
  89  8:35  Factory Reactor  
  89  8:44  Siege Tank  
  89  8:45  SCV, Supply Depot x2  
  89  8:46  Supply Depot  
  89  8:48  SCV x2  
  95  8:55  Siege Tank x2  
  101  8:59  Marine x2  
  103  9:07  Bunker  
  103  9:09  Supply Depot  
  103  9:11  SCV x2  
  103  9:12  Engineering Bay  
  103  9:14  Widow Mine x2  
  103  9:16  Hellion, Siege Tank  
  114  9:19  SCV, Supply Depot  
  114  9:23  Infernal Pre-Igniter  
  115  9:25  Banshee  
  115  9:27  SCV  
  115  9:31  Terran Vehicle Weapons Level 1, Terran Vehicle And Ship Armor Level 1  
  119  9:32  Hellion  
  119  9:33  SCV  
  119  9:37  SCV  
  122  9:45  Siege Tank  
  127  9:46  Hellion x2, Widow Mine x2  
  133  9:59  Hellion, Siege Tank  
  135  10:04  Missile Turret  
  135  10:05  Missile Turret  
  135  10:06  Missile Turret  
  137  10:07  Hellion x2  
  137  10:11  Viking  
  137  10:13  SCV  
  138  10:18  SCV  
  136  10:23  SCV  
  136  10:25  SCV  
  138  10:30  SCV  
  138  10:31  Mag-Field Accelerator  
  138  10:32  Cyclone x2  
  138  10:33  Hellion x2  
  149  10:36  SCV  
  149  10:37  SCV  
  151  10:45  SCV, Planetary Fortress  
  151  10:48  SCV  
  151  10:49  Cyclone, Missile Turret  
  156  10:50  Missile Turret  
  156  10:59  Starport Reactor  
  156  11:02  Supply Depot x3  
  156  11:12  Refinery  
  156  11:15  SCV x3  
  156  11:16  Cyclone  
  156  11:17  Refinery  
  156  11:20  Hellion  
  156  11:23  SCV, Hellion, Cyclone x2  
  164  11:31  Terran Vehicle Weapons Level 2  
  163  11:33  Hellion  
  163  11:41  Hellion  
  152  11:48  Cyclone  
  155  11:55  Cyclone x2  
  155  12:00  Missile Turret x2  
  155  12:01  Missile Turret, Sensor Tower  
  161  12:02  SCV x2, Missile Turret  
  161  12:03  Terran Vehicle And Ship Armor Level 2  
  161  12:07  Hellion  
  161  12:08  SCV  
  166  12:10  SCV  
  166  12:14  SCV  
  168  12:19  Missile Turret, Liberator x2  
  168  12:21  Siege Tank  
  174  12:30  Cyclone x2  
  174  12:32  Hellion  
  179  12:40  Supply Depot  
  179  12:42  Supply Depot  
  179  12:43  Hellion  
  181  12:51  Command Center  
  178  13:03  Cyclone  
  178  13:04  Hellion  
  178  13:05  Hellion  
  182  13:11  Smart Servos, Factory  
  182  13:12  Factory  
  182  13:16  Factory  
  182  13:20  Missile Turret  
  182  13:21  Missile Turret  
  182  13:22  Missile Turret  
  182  13:23  Missile Turret  
  182  13:24  Missile Turret  
  180  13:28  Sensor Tower  
  180  13:33  Cyclone  
  180  13:34  Hellion x2, Cyclone  
  188  13:37  Hellion x2  
  193  13:49  Supply Depot x2  
  193  13:52  Terran Vehicle Weapons Level 3  
  193  13:54  Supply Depot  
  193  13:57  Supply Depot  
  193  14:02  Cyclone  
  194  14:06  Cyclone  
  194  14:07  Factory Tech Lab  
  194  14:09  Cyclone  
  188  14:10  Factory Tech Lab  
  184  14:28  Siege Tank  
  184  14:29  Siege Tank x2  
  184  14:30  Hellion x2  
  195  14:43  Terran Vehicle And Ship Armor Level 3  
  195  14:48  Command Center  
  193  15:07  Cyclone x2  
  193  15:11  Missile Turret  
  189  15:15  Orbital Command  
  189  15:16  SCV  
  174  15:22  SCV  
  174  15:24  SCV x2  
  174  15:25  Hellion x5  
  174  15:26  Command Center  
  176  15:33  Cyclone  
  176  15:34  Cyclone x2  
  176  15:35  Hellion, Widow Mine x2, Siege Tank  
  178  15:38  Hellion  
  178  15:39  SCV  
  178  15:40  Hellion  
  157  15:45  SCV x2  
  157  15:49  Cyclone  
  148  16:01  Cyclone  
  147  16:04  SCV x2  
  147  16:07  SCV x2, Missile Turret  
  147  16:08  Sensor Tower  
  135  16:11  Refinery  
  135  16:12  Viking  
  135  16:15  Viking  
  139  16:24  Unknown  
  139  16:25  Siege Tank  
  139  16:26  Siege Tank  
  141  16:42  Cyclone x2  
  141  16:43  Hellion x2, Siege Tank  
  151  16:48  Orbital Command  
  146  16:58  SCV x2  
  133  17:02  Cyclone, Siege Tank x2  
  140  17:12  Hellion x2  
  140  17:14  Siege Tank  
  144  17:25  Liberator  
  144  17:26  Liberator  
  142  17:39  Cyclone x2  
  142  17:40  Hellion  
  142  17:42  Hellion  
  142  17:44  SCV  
  116  17:47  SCV  
  95  17:51  SCV  
  95  17:54  SCV  
Show
View Real Time Build Order
Export as new Build Order

ToIsengard Protoss - Winner!

Build Orders: 1 Gate Expand, Phoenix Opening, Archon Immortal 

Get SALT Encoding   

  12  0:00  Probe  
  13  0:12  Probe  
  14  0:17  Pylon  
  14  0:24  Probe  
  15  0:33  Probe  
  15  0:35  Gateway  
  15  0:41  Probe  
  17  0:50  Assimilator  
  17  0:51  Probe  
  18  1:03  Probe  
  19  1:16  Probe  
  20  1:23  Cybernetics Core  
  20  1:32  Nexus  
  20  1:39  Pylon  
  20  1:43  Probe  
  21  1:49  Adept, Assimilator  
  21  1:55  Probe  
  24  2:01  Warp Gate  
  24  2:07  Probe  
  25  2:10  Stalker  
  25  2:19  Probe  
  28  2:31  Probe  
  29  2:39  Robotics Facility  
  29  2:43  Probe  
  30  2:45  Probe, Stalker  
  33  2:53  Probe  
  33  2:55  Probe  
  33  2:58  Gateway  
  35  3:04  Probe  
  35  3:08  Probe  
  37  3:17  Probe  
  37  3:18  Sentry  
  39  3:28  Probe  
  39  3:29  Probe  
  39  3:31  Pylon  
  39  3:33  Observer  
  41  3:40  Probe  
  41  3:42  Probe, Nexus  
  41  3:43  Pylon  
  42  3:51  Probe  
  42  3:55  Stalker  
  45  3:56  Probe, Pylon, Observer  
  45  3:57  Phoenix  
  45  3:59  Probe  
  47  4:04  Adept  
  47  4:07  Probe  
  47  4:08  Probe  
  51  4:15  Assimilator  
  52  4:19  Probe  
  52  4:20  Probe, Stalker  
  56  4:25  Stalker  
  56  4:30  Probe  
  59  4:33  Gateway  
  59  4:34  Observer  
  59  4:35  Probe  
  61  4:38  Probe, Shield Battery  
  61  4:42  Pylon  
  61  4:43  Observer  
  62  4:46  Probe  
  62  4:47  Probe, Shield Battery  
  62  4:49  Immortal  
  62  4:52  Zealot  
  66  4:59  Probe  
  70  5:01  Probe  
  73  5:07  Zealot  
  73  5:10  Twilight Council, Probe  
  73  5:11  Probe  
  73  5:13  Probe  
  77  5:19  Zealot  
  79  5:22  Forge  
  79  5:24  Probe  
  79  5:27  Stalker  
  83  5:28  Probe  
  83  5:31  Probe  
  83  5:32  Pylon  
  84  5:36  Probe  
  84  5:39  Zealot  
  87  5:46  Immortal  
  87  5:48  Stalker  
  87  5:49  Probe  
  87  5:52  Zealot  
  83  5:58  Probe x2  
  83  6:00  Stalker  
  83  6:02  Probe, Charge, Protoss Ground Armor Level 1  
  88  6:07  Pylon  
  88  6:10  Probe  
  89  6:12  Zealot  
  89  6:15  Immortal  
  85  6:19  Stalker  
  85  6:23  Probe  
  85  6:25  Stalker  
  92  6:27  Probe  
  92  6:29  Probe  
  88  6:32  Stalker  
  85  6:45  Stalker  
  87  6:51  Stalker  
  87  6:52  Probe, Shield Battery  
  85  6:54  Observer  
  85  6:55  Assimilator  
  85  6:57  Stalker, Assimilator  
  82  7:03  Probe  
  82  7:04  Probe  
  82  7:06  Gateway  
  82  7:08  Probe  
  83  7:09  Gateway  
  83  7:10  Gateway  
  83  7:11  Stalker x2  
  83  7:14  Pylon  
  83  7:15  Probe  
  87  7:20  Stalker  
  87  7:22  Probe  
  89  7:23  Probe, Pylon  
  86  7:34  Stalker x2  
  86  7:36  Immortal  
  86  7:39  Probe  
  86  7:43  Gateway  
  86  7:44  Stalker, Gateway  
  83  7:48  Pylon  
  83  7:52  Shield Battery  
  83  7:55  Gateway  
  83  7:57  Zealot x2  
  83  7:58  Gateway  
  87  8:01  Nexus  
  87  8:04  Zealot x2  
  91  8:07  Nexus  
  91  8:08  Shield Battery  
  91  8:09  Zealot x2  
  91  8:12  Warp Prism  
  91  8:22  Nexus  
  91  8:26  Stalker  
  93  8:28  Stalker  
  95  8:38  Probe  
  95  8:40  Probe  
  97  8:42  Protoss Ground Weapons Level 1  
  97  8:43  Templar Archives  
  97  8:49  Zealot  
  97  8:50  Zealot x3  
  105  8:59  Observer  
  106  9:03  Zealot x2  
  106  9:06  Pylon  
  110  9:18  Pylon  
  110  9:27  High Templar  
  110  9:28  Sentry, Zealot, High Templar  
  110  9:30  Photon Cannon  
  118  9:32  Archon  
  118  9:39  Zealot x2  
  118  9:44  Nexus  
  122  9:46  High Templar  
  122  9:47  Zealot, High Templar  
  128  9:55  Archon  
  128  9:57  Probe  
  128  9:59  Probe  
  134  10:02  Stargate  
  134  10:05  Unknown  
  130  10:07  Pylon  
  128  10:20  Probe x2  
  128  10:23  High Templar x2  
  128  10:24  Zealot x4  
  140  10:30  Photon Cannon  
  140  10:33  Pylon, Archon  
  138  10:36  Zealot x3, Photon Cannon  
  138  10:37  Dark Shrine  
  138  10:38  Probe, Immortal  
  141  10:43  Phoenix  
  145  10:54  Nexus  
  147  10:58  Probe x2  
  147  11:01  Zealot x3  
  155  11:04  Protoss Ground Weapons Level 2  
  155  11:09  Probe  
  156  11:14  Warp Prism  
  156  11:17  Zealot x6  
  162  11:32  Probe  
  153  11:35  Robotics Facility  
  153  11:37  Pylon  
  147  11:41  Phoenix  
  147  11:43  Immortal  
  147  11:44  High Templar x2  
  140  11:50  Archon  
  142  11:56  Zealot x6  
  142  11:57  Zealot  
  142  11:58  Probe  
  157  12:02  Phoenix  
  159  12:10  Photon Cannon  
  159  12:18  Probe x2  
  159  12:20  Probe  
  155  12:25  Probe  
  155  12:27  Probe, Phoenix  
  155  12:28  Probe  
  157  12:30  Probe  
  157  12:31  Immortal  
  157  12:32  High Templar x3  
  157  12:33  High Templar  
  157  12:34  Probe, Pylon  
  157  12:35  Probe, Assimilator  
  157  12:36  Immortal, Archon  
  157  12:37  Probe, Archon  
  167  12:39  Assimilator  
  177  12:52  Phoenix  
  177  12:54  Robotics Bay  
  177  12:56  Photon Cannon  
  177  12:58  Photon Cannon, Assimilator  
  171  13:10  Warp Prism  
  171  13:12  Fleet Beacon  
  171  13:14  Probe, Stargate  
  171  13:15  Pylon  
  171  13:16  Immortal  
  171  13:17  Zealot x4  
  171  13:18  Shield Battery  
  180  13:22  Pylon  
  184  13:29  Zealot x3  
  182  13:42  Protoss Air Weapons Level 1  
  182  13:43  Gravitic Drive  
  182  13:46  Probe  
  183  13:49  Zealot x6  
  195  13:59  Nexus  
  191  14:05  Disruptor  
  165  14:12  Stalker x7  
  165  14:15  Disruptor  
  181  14:22  Tempest  
  175  14:25  Dark Templar x3  
  181  14:33  Tempest  
  181  14:38  Blink  
  185  14:39  Protoss Ground Weapons Level 3  
  185  14:40  Disruptor  
  185  14:43  Pylon  
  188  14:51  Zealot x4  
  188  14:52  Zealot x2  
  195  15:00  Zealot x2  
  191  15:12  Dark Templar x3  
  187  15:16  Zealot x5  
  184  15:22  Zealot x2  
  184  15:23  Disruptor  
  159  15:38  Zealot x5  
  159  15:46  Probe  
  159  15:47  Stalker x4  
  163  15:50  Stalker  
  163  15:55  Probe x2  
  163  15:56  Observer  
  158  15:59  Probe x3  
  158  16:03  Zealot  
  158  16:04  Probe  
  156  16:07  Probe  
  156  16:11  Probe x3  
  157  16:13  Probe  
  157  16:14  Photon Cannon  
  159  16:19  High Templar x4  
  159  16:20  High Templar x3  
  159  16:22  Probe  
  174  16:25  Archon x2  
  174  16:26  Archon  
  172  16:33  Zealot x3  
  172  16:37  Observer, Disruptor  
  171  16:51  Zealot x3  
  171  16:52  Zealot, Archon  
  182  16:54  Stalker  
  182  16:55  Stalker  
  182  16:58  Disruptor  
  180  17:01  Probe  
  180  17:02  Dark Templar x2  
  183  17:13  Stalker x2, Zealot x2  
  186  17:21  Stalker  
  186  17:22  Probe x4  
  151  17:45  Zealot x7  
  137  18:11  Zealot x3  
  137  18:12  High Templar  
Tags
 
Add a new tag
Caveats
  • Supply blocks, unpowered buildings, or Contaminate may cause inaccurate times.
  • Supply counts are checked every 10 seconds.